 Dungeon Crawl Stone Soup version 0.25-a0-50-gf0389da217 (webtiles) character file.

Game seed: 5420138067383729429, levelgen mode: deterministic

12872 Mort the Slinger (level 12, -7/89 HPs)
             Began as a Halfling Artificer on Oct 24, 2019.
             Was a High Priest of Okawaru.
             Mangled by a skeletal warrior
             ... wielding a +0 short sword
             ... led by a skeletal warrior
              (16 damage)
             ... on level 11 of the Dungeon.
             The game lasted 00:50:09 (16590 turns).

Mort the Slinger (Halfling Artificer)              Turns: 16590, Time: 00:50:09

Health: -7/89      AC: 11    Str: 19    XL:     12   Next: 25%
Magic:  0/15       EV: 17    Int: 11    God:    Okawaru [*****.]
Gold:   794        SH:  0    Dex: 19    Spells: 11/11 levels left

rFire    . . .     SeeInvis +   b - +2 hunting sling of Mahuq {velocity, Str+4 Dex+3}
rCold    . . .     Gourm    .   (shield restricted)
rNeg     + . .     Faith    .   A - +2 scale mail {rPois}
rPois    +         Spirit   +   w - +0 helmet
rElec    .         Reflect  .   (no cloak)
rCorr    .         Harm     .   (no gloves)
MR       .....                  (no boots)
Stlth    +.........             s - amulet of guardian spirit
HPRegen  0.24/turn              L - ring of see invisible
MPRegen  0.14/turn              q - ring of positive energy

@: no status effects
A: small, mutation resistance 1
a: Heroism, Finesse, Renounce Religion


You were on level 11 of the Dungeon.
You worshipped Okawaru.
Okawaru was extremely pleased with you.
You were not hungry.

You visited 3 branches of the dungeon, and saw 14 of its levels.
You also visited: Ossuary.

You collected 878 gold pieces.
You spent 84 gold pieces at shops.

Inventory:

Hand Weapons
 a - a +0 short sword
 b - the +2 hunting sling of Mahuq (weapon) {velocity, Str+4 Dex+3}
   (Okawaru gifted it to you on level 11 of the Dungeon)

   Any stone fired from it inflicts extra damage.
   It affects your strength (+4).
   It affects your dexterity (+3).
 B - a cursed -3 whip
 O - a +2 falchion of freezing
 Q - a +2 falchion of holy wrath
Missiles
 g - 52 sling bullets (quivered)
 p - 228 stones
Armour
 w - a +0 helmet (worn)
 A - a +2 scale mail of poison resistance (worn)
 D - +0 fire dragon scales
Jewellery
 q - a ring of positive energy (right hand)
 s - an amulet of guardian spirit (around neck)
 y - an uncursed amulet of magic regeneration
 L - a ring of see invisible (left hand)
Wands
 c - a wand of flame (15)
 d - a wand of enslavement (13)
 e - a wand of random effects (10)
 z - a wand of digging (19)
 G - a wand of acid (3)
 I - a wand of iceblast (12)
 P - a wand of polymorph (9)
 R - a wand of paralysis (15)
 U - a wand of disintegration (3)
Scrolls
 j - a scroll of noise
 k - a scroll of torment {unknown}
 l - 3 scrolls of fog
 m - 5 scrolls of remove curse
 o - a scroll of enchant armour
 r - 3 scrolls of magic mapping
 t - 2 scrolls of immolation
 u - 2 scrolls of teleportation
 v - a scroll of enchant weapon {unknown}
 K - 2 scrolls of amnesia
 N - a scroll of fear
 S - 3 scrolls of identify
Potions
 h - a potion of haste
 i - 7 potions of curing
 n - 3 potions of flight
 x - 4 potions of might
 C - a potion of resistance
 E - 2 potions of lignification
 H - 3 potions of heal wounds
 J - a potion of invisibility {unknown}
 M - 3 potions of cancellation {unknown}
 T - a potion of berserk rage {unknown}
 W - a potion of ambrosia {unknown}
 X - a potion of agility
Comestibles
 f - 17 rations


   Skills:
 + Level 10.6 Fighting
 - Level 1.2 Short Blades
 + Level 14.9 Slings
 + Level 7.6 Armour
 - Level 7.0 Dodging
 - Level 1.1 Stealth
 + Level 4.6 Evocations


You had 11 spell levels left.
You didn't know any spells.
Your spell library was empty.

Dungeon Overview and Level Annotations

Branches:
Dungeon (12/15)            Temple (1/1) D:4            Lair (1/6) D:8
Ossuary (visited)
    Orc: D:9-12

Altars:
Ashenzari
Cheibriados
Dithmenos
Elyvilon
Fedhas
Gozag
Hepliaklqana
Kikubaaqudgha
Makhleb
Nemelex Xobeh
Okawaru
Qazlal
Ru
Uskayaw
Vehumet
Wu Jian
Xom
Yredelemnul
Zin
The Shining One

Shops:
D:11 !

Annotations:
Lair:1 Fannar, Harold


Innate Abilities, Weirdness & Mutations

You are small and have problems with some larger weapons.
You are somewhat resistant to further mutation.


Message History

Press: ? - help, Shift-Dir - straight line, f/p - skeletal warrior
Aim: a skeletal warrior, wielding a +0 short sword (heavily damaged)
You shoot a sling bullet.
The sling bullet hits the skeletal warrior.
The skeletal warrior is heavily damaged.
The skeletal warrior hits you with a +0 short sword!!
* * * LOW HITPOINT WARNING * * *
Firing (i - inventory. (/) - cycle)
g - 54 sling bullets (quivered)
Press: ? - help, Shift-Dir - straight line, f/p - skeletal warrior
Aim: a skeletal warrior, wielding a +0 short sword (heavily damaged)
You shoot a sling bullet.
The sling bullet barely misses the skeletal warrior.
Firing (i - inventory. (/) - cycle)
g - 53 sling bullets (quivered)
Press: ? - help, Shift-Dir - straight line, f/p - skeletal warrior
Aim: a skeletal warrior, wielding a +0 short sword (heavily damaged)
You shoot a sling bullet.
The sling bullet hits the skeletal warrior.
The skeletal warrior is heavily damaged.
The skeletal warrior hits you with a +0 short sword!!
You die...

##........#.............#####.###
....##########.........## #.###
...## ####........## #...#
...########...........# ###.#
..........#...........# #.#
.............########## #..
...........#.......# ##.
...............z..^# #.
###.............@.)# #.
###........#.......# ##
#..................## #
##........##..^.....# #
###.......##........# #
.######.....(...###(#############
.<รท##....#####....#..(...........
##..#.#.## ###..).############.
##...#.# ##....#### #.


You could see a skeletal warrior.

Vanquished Creatures
  A two-headed ogre (D:11)
  A centaur warrior (D:9)
  2 skeletal warriors
  A cyclops (D:11)
  A troll (D:9)
  Prince Ribbit (Lair:1)
  Grinder (D:3)
  3 blink frogs
  4 hippogriffs
  2 wraiths (Ossuary)
  A spriggan (D:8)
  A hungry ghost (D:8)
  A yak (D:8)
  A water moccasin (Lair:1)
  5 porcupines (D:8)
  Duvessa (D:5)
  A sky beast (D:10)
  8 orc warriors
  An ice beast (D:9)
  3 black bears
  3 phantoms
  3 ogres
  3 crocodiles
  4 centaurs
  3 big kobolds
  6 bullfrogs
  A gnoll sergeant (D:7)
  Dowan (D:5)
  A wyvern zombie (D:11)
  2 scorpions
  7 killer bees (D:9)
  8 wights
  3 howler monkeys
  3 crimson imps
  3 bullfrog zombies
  2 centaur zombies
  8 hounds
  9 orc priests
  A bullfrog skeleton (D:8)
  7 jellies
  16 orc wizards
  3 centaur skeletons
  3 iguanas
  An iron imp (D:5)
  10 worker ants
  A howler monkey zombie (D:11)
  4 gnolls (D:7)
  12 adders
  An ooze (D:1)
  An adder zombie (Ossuary)
  An adder skeleton (D:6)
  3 worms
  2 dart slugs
  6 leopard geckos
  48 orcs
  3 giant cockroaches
  2 gnoll zombies (D:8)
  5 goblins
  5 hobgoblins
  3 jackals (D:5)
  3 quokkas
  2 ball pythons
  5 bats
  4 frilled lizards
  A hobgoblin skeleton (Ossuary)
  A hobgoblin zombie (Ossuary)
  15 kobolds
  2 kobold zombies (Ossuary)
  A leopard gecko zombie (D:5)
  2 orc skeletons (Ossuary)
  An orc zombie (Ossuary)
  2 rats (D:3)
287 creatures vanquished.

Vanquished Creatures (others)
  5 fungi (D:8)
5 creatures vanquished.

Grand Total: 292 creatures vanquished

Notes
Turn   | Place    | Note
-------+----------+-------------------------------------------
     0 | D:1      | Mort the Halfling Artificer began the quest for the Orb.
     0 | D:1      | Reached XP level 1. HP: 12/12 MP: 3/3
    29 | D:1      | Reached skill level 1 in Fighting
   257 | D:1      | Reached XP level 2. HP: 19/19 MP: 4/4
   583 | D:1      | Reached XP level 3. HP: 25/25 MP: 5/5
  2193 | D:2      | Found a shimmering altar of Xom.
  2737 | D:3      | Reached skill level 1 in Slings
  2737 | D:3      | Reached XP level 4. HP: 20/31 MP: 6/6
  3045 | D:3      | Noticed Grinder
  3056 | D:3      | Killed Grinder
  3056 | D:3      | Reached skill level 4 in Slings
  3056 | D:3      | Reached XP level 5. HP: 13/38 MP: 7/7
  3056 | D:3      | Reached XP level 6. HP: 15/44 MP: 8/8
  3747 | D:3      | Reached skill level 5 in Slings
  4000 | D:3      | Reached XP level 7. HP: 45/49 MP: 9/9
  4086 | D:3      | Found an opulent altar of Gozag.
  4308 | D:3      | Found a shattered altar of Ashenzari.
  4540 | D:4      | Noticed a hippogriff
  4823 | D:3      | Killed a hippogriff
  4823 | D:3      | Reached skill level 5 in Fighting
  4823 | D:3      | Reached skill level 6 in Slings
  5123 | D:4      | Reached skill level 7 in Slings
  5406 | D:4      | Found a staircase to the Ecumenical Temple.
  5425 | D:4      | Reached XP level 8. HP: 52/57 MP: 10/10
  5430 | Temple   | Entered the Ecumenical Temple
  5529 | Temple   | Became a worshipper of Warmaster Okawaru
  5889 | D:5      | Entered Level 5 of the Dungeon
  5900 | D:5      | Found a sand-covered staircase.
  5908 | Ossuary  | Entered an ossuary
  5960 | Ossuary  | Reached skill level 8 in Slings
  6076 | Ossuary  | Noticed a flying skull
  6076 | Ossuary  | Noticed a wraith
  6085 | Ossuary  | Noticed a flying skull
  6104 | Ossuary  | Noticed a flying skull
  6142 | Ossuary  | Noticed a wraith
  6161 | Ossuary  | Killed a wraith
  6274 | Ossuary  | Noticed a wraith
  6290 | Ossuary  | Killed a wraith
  6290 | Ossuary  | Reached * piety under Okawaru
  6290 | Ossuary  | Reached skill level 9 in Slings
  6298 | Ossuary  | Noticed a flying skull
  6765 | D:5      | Reached XP level 9. HP: 64/64 MP: 11/11
  6794 | D:5      | Reached skill level 10 in Slings
  6935 | D:5      | Noticed Dowan
  6938 | D:5      | Noticed Duvessa
  6953 | D:5      | Killed Duvessa
  6972 | D:5      | Killed Dowan
  7158 | D:5      | Found a snail-covered altar of Cheibriados.
  7400 | D:6      | Reached skill level 11 in Slings
  7432 | D:6      | Reached ** piety under Okawaru
  7785 | D:6      | Found a shadowy altar of Dithmenos.
  8601 | D:6      | Reached skill level 12 in Slings
  8740 | D:7      | Noticed a hippogriff
  8931 | D:7      | Reached skill level 1 in Armour
  8931 | D:7      | Reached XP level 10. HP: 69/73 MP: 12/12
  9874 | D:8      | Reached *** piety under Okawaru
 10073 | D:8      | Reached skill level 13 in Slings
 10087 | D:8      | Found a staircase to the Lair.
 10264 | D:8      | Reached **** piety under Okawaru
 10328 | D:8      | Reached skill level 5 in Dodging
 10809 | D:8      | Found a basalt altar of Yredelemnul.
 11120 | D:9      | Noticed a centaur warrior
 11145 | D:9      | Killed a centaur warrior
 11145 | D:9      | Received a gift from Okawaru
 11145 | D:9      | Reached skill level 5 in Armour
 11145 | D:9      | Reached XP level 11. HP: 6/81 MP: 2/13
 12139 | D:10     | Entered Level 10 of the Dungeon
 12649 | D:10     | Reached skill level 10 in Fighting
 12746 | D:10     | Reached ***** piety under Okawaru
 12746 | D:10     | Reached skill level 14 in Slings
 13463 | D:10     | Found a sacrificial altar of Ru.
 13756 | D:10     | Found a radiant altar of Vehumet.
 14079 | D:11     | Found Heloal's Distillery.
 14093 | D:11     | Bought a potion of heal wounds for 70 gold pieces
 14093 | D:11     | Bought a potion of degeneration for 14 gold pieces
 14134 | D:11     | Noticed a cyclops
 14197 | D:11     | Received a gift from Okawaru
 14298 | D:11     | Noticed a two-headed ogre
 14328 | D:11     | Killed a two-headed ogre
 14682 | D:11     | Received a gift from Okawaru
 14685 | D:11     | Got a fine hunting sling {god gift}
 14686 | D:11     | Identified the +2 hunting sling of Mahuq {velocity, Str+4
                  | Dex+3} (Okawaru gifted it to you on level 11 of the
                  | Dungeon)
 14758 | D:11     | Killed a cyclops
 15007 | Lair:1   | Entered Level 1 of the Lair of Beasts
 15057 | Lair:1   | Noticed Harold
 15063 | Lair:1   | Noticed Fannar
 15072 | Lair:1   | Noticed Prince Ribbit
 15087 | Lair:1   | Killed Prince Ribbit
 15087 | Lair:1   | Reached XP level 12. HP: 50/88 MP: 6/14
 15691 | D:12     | Noticed a skeletal warrior
 15691 | D:12     | Noticed a skeletal warrior
 15691 | D:12     | Noticed a skeletal warrior
 15691 | D:12     | Noticed a skeletal warrior
 16120 | D:11     | Killed a skeletal warrior
 16463 | D:10     | Killed a skeletal warrior
 16590 | D:11     | Mangled by a skeletal warrior

Levels and vault maps discovered:
D:1:      lightli_arrival_statue_moat, layout_rooms
D:2:      mumra_celtic_spiral_tile, layout_basic, marbit_many_paths,
          kennysheep_generic_room_4
D:3:      layout_basic, evilmike_ruin_ashenzari, grunt_gozag_breadcrumbs,
          uniq_grinder
D:4:      layout_loops_ring, minmay_temple_entry_nine_rooms,
          kennysheep_generic_room_8
D:5:      minmay_spotlight, layout_rooms, slow_altar_2, enter_ossuary_3,
          first_ration, uniq_duvessa
D:6:      layout_cave_pods, grunt_dithmenos_smoke
D:7:      layout_cave_pools
D:8:      layout_loops_cross, lemuel_zombie_altar_yredelemnul,
          due_lair_maze_entry_diamond, grunt_pizzeria, nrook_pool_corridor
D:9:      layout_rooms
D:10:     layout_gridville, basic_altar, hangedman_ru_absence
D:11:     layout_rooms, serial_shops, shop
D:12:     layout_long_grid, hiddenorc2_lemuel
Temple:   regret_index_temple_sphere_string
Lair:1:   layout_cave_pods, infiniplex_staircase_pool_2, grunt_megastairs_1,
          uniq_prince_ribbit2, uniq_harold, uniq_fannar

Skill      XL: |  1  2  3  4  5  6  7  8  9 10 11 12 |
---------------+-------------------------------------+-----
Fighting       | 1 2 3 4 5 7 8 9 10 | 10.6
Slings         | 1 4 5 7 9 12 13 14 | 14.9
Armour         | 1 5 7 |  7.6
Dodging        | 5 7 |  7.0
Evocations     | 4 |  4.6
Short Blades   | |  1.2
Stealth        | |  1.1

Action                   |  1- 3 |  4- 6 |  7- 9 | 10-12 || total
-------------------------+-------+-------+-------+-------++-------
Melee: Short sword       |   138 |    49 |       |       ||   187
 Fire: Hunting sling     |     4 |    46 |   479 |   982 ||  1511
Invok: Heroism           |       |       |       |    12 ||    12
Evoke: Wand              |     2 |    10 |    19 |     7 ||    38
  Use: Scroll            |     1 |       |     2 |    16 ||    19
       Potion            |       |     2 |     1 |     1 ||     4
 Stab: Sleeping          |     3 |       |       |       ||     3
  Eat: Chunk             |     6 |     4 |    11 |    21 ||    42
       Ration            |       |       |     1 |     1 ||     2
Armor: Leather armour    |    14 |       |       |       ||    14
       Ring mail         |    12 |    24 |    22 |       ||    58
       Scale mail        |       |       |    42 |    99 ||   141
Dodge: Dodged            |    72 |    49 |   119 |   300 ||   540

Table legend:
 A = Non-vault XP
 B = Vault XP
 C = Vault XP percentage of total XP
 D = Non-vault monster count
 E = Vault monster count
 F = Vault count percentage of total count
                 A         B        C        D         E       F
            +---------+---------+-------+---------+---------+-------
      Total |   14424 |    3965 |  21.6 |     246 |      41 |  14.3
            +---------+---------+-------+---------+---------+-------
        D:1 |      32 |       0 |   0.0 |      16 |       0 |   0.0
        D:2 |      29 |       2 |   6.5 |      11 |       1 |   8.3
        D:3 |     469 |     281 |  37.5 |      28 |       1 |   3.4
        D:4 |     327 |      54 |  14.2 |       9 |       1 |  10.0
        D:5 |     473 |     309 |  39.5 |      17 |       6 |  26.1
        D:6 |    1355 |       0 |   0.0 |      31 |       0 |   0.0
        D:7 |    1282 |       0 |   0.0 |      23 |       0 |   0.0
        D:8 |     948 |    1714 |  64.4 |      14 |      15 |  51.7
        D:9 |    2537 |       0 |   0.0 |      36 |       0 |   0.0
       D:10 |    3040 |       0 |   0.0 |      39 |       0 |   0.0
       D:11 |    3825 |       0 |   0.0 |      21 |       0 |   0.0
     Lair:1 |     107 |     982 |  90.2 |       1 |       4 |  80.0
    Ossuary |       0 |     623 | 100.0 |       0 |      13 | 100.0
            +---------+---------+-------+---------+---------+-------
